 Dungeon Crawl Stone Soup version 0.28.0 (webtiles) character file.

Game seed: 392571142872710972

350 mkm the Firebug (level 6, -3/32 HPs)
             Began as a Gargoyle Fire Elementalist on Feb 11, 2022.
             Slain by a bullfrog (6 damage)
             ... in a sewer.
             The game lasted 00:13:54 (4867 turns).

mkm the Firebug (Gargoyle Fire Elementalist)        Turns: 4867, Time: 00:13:54

Health: -3/32      AC:  6    Str: 12    XL:     6   Next: 60%
Magic:  11/11      EV: 11    Int: 17    God:
Gold:   110        SH:  0    Dex: 10    Spells: 9/12 levels left

rFire   . . .      SeeInvis .   b - +3 dagger
rCold   . . .      Faith    .   (no shield)
rNeg    + . .      Spirit   .   a - +0 robe
rPois   ∞          Reflect  .   (no helmet)
rElec   +          Harm     .   (no cloak)
rCorr   .          Rampage  .   (no gloves)
Will    .....                   (no boots)
Stlth   +.........              (no amulet)
HPRegen 0.10/turn               (no ring)
MPRegen 0.12/turn               (no ring)

@: very slow
A: sickness immunity, AC +4, negative energy resistance 1, electricity
resistance, torment resistance 1, petrification resistance
a: no special abilities


You were in a sewer.
You visited 1 branch of the dungeon, and saw 5 of its levels.
You also visited: Sewer.

You collected 110 gold pieces.

Inventory:

Hand Weapons
 b - a +3 dagger (weapon)
 c - a +0 whip
Armour
 a - a +0 robe (worn)
Wands
 l - a wand of mindburst (16)
Scrolls
 f - a scroll of identify
 i - 2 scrolls of immolation {unknown}
 m - a scroll of teleportation {unknown}
Potions
 d - a potion of invisibility
 e - a potion of heal wounds {unknown}
 g - 3 potions of attraction {unknown}
 h - a potion of degeneration {unknown}
 j - a potion of mutation {unknown}
 k - a potion of resistance {unknown}


   Skills:
 - Level 1.5 Dodging
 - Level 2.1 Stealth
 + Level 3.9 Spellcasting
 + Level 4.1 Conjurations
 + Level 4.8 Fire Magic


You had 9 spell levels left.
You knew the following spells:

 Your Spells              Type           Power      Damage    Failure   Level
a - Foxfire               Conj/Fire      72%        2x1d7     2%          1
b - Scorch                Fire           38%        2d6       3%          2

Your spell library contained the following spells:

 Spells                   Type           Power      Damage    Failure   Level
 Conjure Flame            Conj/Fire      18%        6-21      8%          3
 Inner Flame              Hex/Fire       11%        N/A       19%         3
 Ensorcelled Hibernation  Hex/Ice        6%         N/A       24%         2
 Passwall                 Tmut/Erth      2%         N/A       24%         2
 Flame Wave               Conj/Fire      18%        2d6       26%         4
 Swiftness                Air            3%         N/A       43%         3
 Cause Fear               Hex            1%         N/A       85%         4
 Discord                  Hex            1%         N/A       100%        8


Dungeon Overview and Level Annotations

Branches:
Dungeon (5/15)              Sewer (1/1)
 Temple: D:4-7

Altars:
Cheibriados

Annotations:
D:5 3 runed translucent doors, gaukoo's ghost, novice MiBe


Innate Abilities, Weirdness & Mutations

You are immune to sickness and miasma.
Your stone body is resilient. (AC +4)
You are immune to poison.
You resist negative energy. (rN+)
You are resistant to electric shocks. (rElec)
You are resistant to unholy torment.
You are immune to petrification.


Message History

The bullfrog snags a nearby butterfly with its tongue.
A bullfrog comes into view.
The bullfrog misses you. The bullfrog closely misses you.
You enter the shallow water.
Moving in this stuff is going to be slow.
The bullfrog hits you. The bullfrog misses you.
You enter the shallow water.
Moving in this stuff is going to be slow.
The bullfrog gives a loud, deep croak!
The bullfrog closely misses you. The bullfrog barely misses you.
The bullfrog closely misses you. The bullfrog misses you.
You conjure some foxfire!
The bullfrog hits you. The bullfrog barely misses you.
The bullfrog hits you. x2
The foxfire hits the bullfrog!
The bullfrog is moderately wounded.
The foxfire hits the bullfrog.
The bullfrog is heavily wounded.
The bullfrog is engulfed in a cloud of scalding steam.
The bullfrog closely misses you.
The bullfrog hits you but does no damage.
The bullfrog barely misses you.
The bullfrog hits you but does no damage.
The bullfrog barely misses you. The bullfrog hits you!
You enter the shallow water.
Moving in this stuff is going to be slow.
The bullfrog barely misses you. x2
The bullfrog hits you but does no damage.
The bullfrog closely misses you. The bullfrog hits you.
* * * LOW HITPOINT WARNING * * *
The bullfrog hits you.
* * * LOW HITPOINT WARNING * * *
You see here a quokka skeleton.
The bullfrog hits you.
* * * LOW HITPOINT WARNING * * *
The bullfrog hits you.
You die...

############# #####.≈≈.≈≈≈.≈≈≈#
###.∩..≈≈≈≈≈≈≈≈≈≈.#
##≈...≈#########≈≈≈#
#∩≈≈####≈≈≈≈..≈≈≈≈≈####
#####≈..≈#####≈≈≈≈.#≈.##
##.≈≈.≈≈≈#≈∩†#######≈≈≈####
##≈.≈.≈####.≈≈F≈≈..#...≈≈≈≈##
##≈≈≈≈###≈≈≈≈≈@Fr..≈##≈.#≈≈≈≈##
#≈≈≈≈##≈≈≈.≈#######≈≈#≈.##≈≈≈≈#
##≈≈≈##≈≈≈≈###≈≈≈≈≈#≈≈##≈†##÷≈≈#
#≈≈.≈#≈≈.≈## ≈....≈≈..≈#≈≈≈#.≈≈≈
#≈††##≈≈.## .≈≈≈≈..≈≈≈#≈≈≈##÷≈≈
#≈≈≈#≈..≈# ≈≈...$≈.≈≈#≈≈≈≈#≈..
#≈≈≈#≈.≈≈# .≈..?(|.≈≈#≈≈≈≈#≈≈.
#≈≈.#.≈≈†# ≈..(((..≈≈#†≈≈.#.≈≈
#≈≈≈##.≈†## ≈.≈≈..≈≈≈##≈≈≈##≈†≈


You could see 2 bullfrogs and a quokka.

Vanquished Creatures
  A howler monkey (D:5)
  A jelly (D:5)
  A hound (D:2)
  9 adders
  An ufetubus (D:5)
  4 worms (D:2)
  2 dart slugs
  7 orcs
  9 bats
  17 endoplasms
  12 giant cockroaches
  8 goblins
  6 hobgoblins
  12 kobolds
  11 quokkas
  9 ball pythons
  13 frilled lizards
  12 rats
135 creatures vanquished.

Vanquished Creatures (collateral kills)
  2 foxfires (D:1)
2 creatures vanquished.

Vanquished Creatures (others)
  332 foxfires
  14 plants (D:1)
346 creatures vanquished.

Grand Total: 483 creatures vanquished

Notes
Turn   | Place    | Note
-------+----------+-------------------------------------------
     0 | D:1      | mkm the Gargoyle Fire Elementalist began the quest for the
                  | Orb.
     0 | D:1      | Reached XP level 1. HP: 10/10 MP: 3/3
    85 | D:1      | Reached XP level 2. HP: 6/15 MP: 0/5
   637 | D:1      | Reached XP level 3. HP: 19/19 MP: 4/6
  1155 | D:1      | Learned a level 2 spell: Scorch
  1688 | D:2      | Reached XP level 4. HP: 19/24 MP: 5/8
  1806 | D:2      | Found a faded altar of an unknown god.
  2549 | D:2      | Found a snail-covered altar of Cheibriados.
  2688 | D:2      | Reached XP level 5. HP: 27/28 MP: 3/9
  3651 | D:3      | You fall into a shaft and drop 2 floors!
  3651 | D:5      | Entered Level 5 of the Dungeon
  3651 | D:5      | Noticed gaukoo's ghost (novice MiBe)
  3651 | D:5      | Found a runed translucent gate.
  3651 | D:5      | Found a runed translucent gate.
  3651 | D:5      | Found a runed translucent gate.
  3658 | D:5      | Reached XP level 6. HP: 32/32 MP: 5/11
  3822 | D:3      | Found a glowing drain.
  3837 | Sewer    | Entered a sewer
  4867 | Sewer    | Slain by a bullfrog

Illustrated notes

Levels and vault maps discovered:
D:1:      mrwooster_arrival_arrow, layout_rooms, minmay_tree_intersection,
          grunt_decor_resistance, skrybe_limestone_x, grunt_decor_fettered,
          lexackson_kobold_supper
D:2:      minmay_chambers_of_twos, layout_loops_corners,
          hellmonk_ecumenical_altar_pennies_from_heaven, basic_altar,
          minmay_misc_feat_five, minmay_tetromino_o2
D:3:      layout_rooms, cheibrodos_sewer_entry_bend, minmay_increasing_density
D:4:      layout_basic, uniq_ijyb
D:5:      layout_loops_ring, minmay_temple_entry_glass,
          ebering_ghost_rock_garden
Sewer:    sewer_frog_island_02

Skill      XL: |  1  2  3  4  5  6 |
---------------+-------------------+-----
Conjurations   | 2 3 4 |  4.1
Spellcasting   | 3 |  3.9
Fire Magic     | 4 |  4.8
Dodging        | |  1.5
Stealth        | |  2.1

Action                   |  1- 3 |  4- 6 || total
-------------------------+-------+-------++-------
Melee: Club              |     5 |       ||     5
       Dagger            |    12 |     9 ||    21
 Cast: Foxfire           |    55 |   138 ||   193
       Scorch            |     2 |     5 ||     7
  Use: Scroll            |       |     1 ||     1
Armor: Robe              |    16 |    20 ||    36
Dodge: Dodged            |    32 |    50 ||    82
